Map: 2000 Atmospheres LE

Players

LiquidClem (Clem)

  • Race: Terran Terran
  • League: Master

MaxPax - Winner!

  • Race: Protoss Protoss
  • League: Grandmaster

VOD

Have the link to the VOD?

Description

Time

  • Played on: Oct. 21, 2021, 8:44 a.m.
  • Length: 15:44
Show
View Real Time Build Order
Export as new Build Order

LiquidClem Terran 

Build Orders:  

Get SALT Encoding   

  12  0:00  SCV  
  13  0:12  SCV  
  14  0:17  Supply Depot  
  14  0:24  SCV  
  15  0:38  SCV  
  15  0:40  Barracks  
  16  0:43  Refinery  
  16  0:50  SCV  
  17  1:02  SCV  
  18  1:14  SCV  
  19  1:27  Marine, Orbital Command  
  20  1:43  Command Center  
  20  1:54  Factory  
  20  1:58  SCV  
  21  2:03  Barracks Reactor  
  21  2:08  Supply Depot  
  21  2:11  SCV  
  22  2:16  Bunker  
  22  2:23  SCV  
  22  2:28  Refinery  
  23  2:35  SCV  
  24  2:39  Hellion  
  24  2:43  Starport  
  26  2:46  Marine  
  26  2:49  SCV  
  29  2:58  Orbital Command  
  29  3:04  Hellion  
  30  3:06  SCV  
  30  3:11  Marine  
  30  3:12  Marine  
  33  3:18  SCV  
  33  3:19  Medivac  
  36  3:25  Supply Depot  
  36  3:29  Hellion  
  36  3:32  SCV  
  36  3:33  SCV  
  40  3:37  Marine  
  40  3:38  Marine  
  42  3:44  SCV  
  42  3:45  Barracks  
  42  3:47  SCV  
  44  3:55  Marine  
  45  3:56  Marine, SCV  
  45  3:59  SCV  
  45  4:02  Factory Tech Lab  
  47  4:06  Barracks  
  47  4:07  Engineering Bay  
  47  4:09  SCV  
  48  4:14  Marine x2, SCV  
  51  4:21  SCV  
  52  4:26  SCV  
  47  4:32  Marine x2  
  47  4:33  SCV  
  47  4:34  Siege Tank  
  47  4:35  Barracks Tech Lab  
  47  4:38  SCV  
  52  4:40  Supply Depot  
  52  4:46  SCV  
  52  4:48  Supply Depot, Refinery  
  52  4:50  Marine  
  54  4:55  Barracks Tech Lab  
  54  4:56  Terran Infantry Weapons Level 1  
  54  5:00  Stimpack  
  54  5:01  Marine  
  54  5:02  Marauder, SCV x2  
  54  5:06  Siege Tank  
  62  5:09  Marine  
  62  5:12  Supply Depot  
  65  5:14  SCV x2  
  65  5:15  Marauder  
  67  5:23  Marauder  
  67  5:24  Marine  
  67  5:26  SCV  
  69  5:30  Supply Depot, SCV  
  69  5:32  Starport Reactor, Refinery  
  70  5:36  Marauder  
  70  5:38  Supply Depot, SCV  
  70  5:40  Combat Shield  
  72  5:43  SCV  
  72  5:46  Marine x2  
  75  5:51  Factory Reactor, Missile Turret, Marauder  
  75  5:55  SCV  
  78  5:57  Supply Depot  
  78  5:59  Marauder  
  81  6:04  Marine  
  81  6:05  Marine  
  81  6:10  Medivac x2, Supply Depot  
  85  6:16  Marauder  
  87  6:20  Marauder  
  89  6:26  Command Center  
  89  6:29  Widow Mine  
  91  6:34  Supply Depot, Widow Mine  
  91  6:37  Marine x2  
  91  6:39  Marauder  
  97  6:44  Medivac x2  
  101  6:48  Supply Depot, SCV  
  101  6:49  SCV  
  103  6:59  Widow Mine x2  
  103  7:00  Marine x2  
  109  7:01  Supply Depot  
  109  7:02  Marauder  
  111  7:12  SCV  
  111  7:13  Barracks, SCV  
  111  7:14  Marauder  
  115  7:17  Barracks  
  115  7:21  Medivac x2  
  115  7:22  Widow Mine  
  121  7:26  Marine x2  
  121  7:28  Supply Depot  
  123  7:33  Marauder  
  123  7:36  SCV  
  123  7:37  SCV  
  126  7:44  Marauder  
  126  7:48  SCV  
  126  7:50  Widow Mine x2  
  133  7:53  Marine x2  
  133  7:54  Marauder, SCV  
  138  8:02  Medivac  
  138  8:03  Medivac  
  141  8:06  Marauder, Barracks Tech Lab, Barracks Reactor  
  141  8:09  SCV  
  141  8:11  Supply Depot, Orbital Command  
  144  8:18  Widow Mine x2  
  143  8:20  Marauder, SCV  
  143  8:22  SCV  
  143  8:23  Marine  
  144  8:31  Marauder x2  
  144  8:32  SCV  
  147  8:34  SCV  
  147  8:37  Terran Infantry Armor Level 1  
  147  8:39  Supply Depot, SCV  
  148  8:43  Marine x4  
  148  8:44  SCV  
  148  8:46  SCV  
  148  8:47  Marauder  
  156  8:52  SCV  
  157  8:56  SCV  
  157  8:57  Marauder  
  157  8:58  SCV  
  157  9:00  Marauder  
  163  9:04  Refinery  
  163  9:05  Viking  
  163  9:07  Viking, Supply Depot  
  163  9:08  Marauder  
  169  9:12  Marine x2  
  169  9:13  Marine  
  169  9:14  Supply Depot  
  172  9:18  SCV  
  172  9:19  Supply Depot, Concussive Shells  
  173  9:25  SCV  
  173  9:29  Marine x2, Marauder, SCV  
  173  9:30  Marauder, SCV  
  173  9:31  Supply Depot  
  181  9:35  Viking  
  181  9:37  Viking  
  176  9:40  Marine x2  
  176  9:41  Marine  
  179  9:47  Marauder  
  179  9:51  Command Center  
  167  9:53  Marine  
  167  9:54  Marauder x2, Ghost Academy  
  167  9:59  Armory  
  172  10:02  Engineering Bay  
  172  10:06  Marine x3  
  175  10:08  Marauder  
  175  10:10  Viking x2  
  181  10:16  Marine, Missile Turret  
  181  10:17  Refinery  
  181  10:18  Widow Mine x2  
  186  10:25  Barracks  
  186  10:27  Barracks, Ghost  
  188  10:29  Ghost  
  188  10:33  Ghost  
  192  10:43  Viking, Missile Turret  
  192  10:44  Viking  
  196  10:56  Starport, Fusion Core  
  196  10:57  Refinery  
  196  10:59  Missile Turret  
  196  11:02  Refinery  
  196  11:03  SCV  
  192  11:04  SCV  
  193  11:13  Viking  
  193  11:16  Barracks Tech Lab  
  195  11:20  Marauder  
  197  11:27  Planetary Fortress  
  197  11:30  Command Center  
  197  11:31  SCV  
  198  11:37  Terran Infantry Weapons Level 2  
  198  11:38  Terran Infantry Armor Level 2  
  198  11:39  Terran Ship Weapons Level 1  
  198  11:40  Enhanced Shockwaves  
  198  11:45  Ghost  
  198  11:46  Advanced Ballistics  
  200  11:49  Liberator  
  200  11:50  SCV  
  200  12:01  Ghost  
  200  12:02  Missile Turret  
  200  12:03  Ghost  
  200  12:04  Ghost  
  188  12:09  Ghost  
  188  12:14  Marine x4  
  194  12:18  Liberator  
  194  12:20  Marauder, SCV  
  200  12:32  Command Center  
  200  12:35  Bunker  
  200  12:36  Sensor Tower  
  200  12:39  Missile Turret  
  200  12:41  Starport  
  200  12:56  Missile Turret  
  195  13:13  Liberator  
  195  13:17  Viking x2, Starport Reactor  
  195  13:18  Personal Cloaking  
  199  13:28  Orbital Command  
  199  13:30  Refinery  
  199  13:37  Command Center  
  199  13:42  Refinery  
  199  13:47  Viking x2  
  195  13:56  Viking  
  195  13:57  Viking x2  
  195  14:02  Starport  
  198  14:14  Orbital Command  
  198  14:17  Viking  
  198  14:23  Missile Turret  
  200  14:24  Missile Turret  
  200  14:25  Missile Turret  
  200  14:26  Missile Turret x2  
  200  14:27  Starport, Missile Turret x2  
  200  14:30  Marine, Viking x2  
  200  14:31  Marine x2  
  166  14:35  Marine x2  
  161  14:39  Viking  
  161  14:41  Marine x2  
  161  14:44  Marauder  
  159  14:46  Ghost  
  159  14:51  Marine x2  
  159  14:52  Marine  
  162  14:53  Marauder  
  162  14:59  Ghost  
  166  15:02  Viking  
  168  15:10  Ghost  
Show
View Real Time Build Order
Export as new Build Order

MaxPax Protoss - Winner!

Build Orders: 1 Gate Expand, Blink Stalkers, Carriers, Colossus Rush 

Get SALT Encoding   

  12  0:00  Probe  
  13  0:12  Probe  
  14  0:17  Pylon  
  14  0:24  Probe (Chrono Boost)  
  15  0:36  Probe (Chrono Boost)  
  15  0:38  Gateway  
  16  0:43  Probe (Chrono Boost)  
  16  0:47  Assimilator  
  17  0:51  Probe  
  18  1:04  Probe  
  19  1:16  Probe  
  20  1:25  Cybernetics Core  
  20  1:35  Nexus  
  20  1:38  Probe  
  21  1:45  Pylon  
  21  1:49  Assimilator  
  21  1:51  Probe  
  22  2:02  Stalker (Chrono Boost)  
  22  2:03  Warp Gate  
  22  2:05  Probe  
  25  2:17  Probe  
  26  2:29  Probe  
  27  2:30  Twilight Council  
  27  2:38  Stalker  
  27  2:41  Probe  
  27  2:44  Gateway  
  30  2:48  Probe  
  31  2:53  Probe  
  32  2:58  Blink (Chrono Boost)  
  32  3:00  Probe  
  32  3:05  Probe  
  34  3:12  Probe  
  35  3:17  Probe  
  36  3:24  Probe  
  36  3:25  Robotics Facility  
  37  3:29  Probe  
  37  3:32  Pylon  
  38  3:35  Pylon  
  38  3:36  Probe  
  39  3:41  Probe  
  40  3:48  Probe  
  40  3:52  Stalker x2  
  40  3:53  Probe  
  40  3:54  Assimilator  
  46  3:57  Assimilator  
  46  4:00  Probe  
  47  4:06  Probe  
  47  4:07  Pylon  
  48  4:12  Probe  
  48  4:14  Observer (Chrono Boost)  
  50  4:18  Probe  
  50  4:21  Stalker x2  
  52  4:24  Probe  
  52  4:30  Probe  
  51  4:37  Probe  
  51  4:42  Probe  
  52  4:47  Observer, Nexus  
  52  4:49  Probe  
  53  4:55  Robotics Bay, Forge  
  53  4:58  Probe  
  54  5:00  Observer  
  54  5:02  Probe  
  54  5:03  Immortal (Chrono Boost)  
  59  5:13  Probe  
  60  5:14  Probe  
  61  5:25  Probe  
  61  5:26  Probe  
  61  5:31  Pylon, Protoss Ground Weapons Level 1  
  61  5:37  Sentry, Probe  
  61  5:39  Observer  
  61  5:40  Gateway  
  61  5:41  Probe, Gateway  
  61  5:42  Observer  
  65  5:45  Colossus (Chrono Boost)  
  65  5:47  Observer  
  65  5:49  Probe  
  72  5:53  Probe  
  72  5:56  Pylon  
  73  5:59  Extended Thermal Lance (Chrono Boost)  
  73  6:01  Probe  
  74  6:05  Probe  
  74  6:09  Probe  
  76  6:15  Gateway  
  76  6:18  Charge, Gateway  
  76  6:24  Colossus (Chrono Boost)  
  76  6:28  Shield Battery, Probe  
  76  6:30  Probe  
  76  6:31  Probe  
  85  6:38  Stalker x2  
  89  6:42  Shield Battery  
  89  6:46  Probe x2  
  91  6:53  Gateway  
  91  6:54  Gateway  
  91  7:02  Shield Battery  
  91  7:04  Pylon  
  91  7:05  Colossus (Chrono Boost)  
  91  7:07  Zealot  
  99  7:15  Stalker  
  101  7:19  Pylon  
  101  7:20  Pylon  
  101  7:23  Zealot  
  101  7:24  Zealot x2  
  101  7:26  Pylon  
  107  7:37  Zealot  
  109  7:40  Probe  
  110  7:45  Probe  
  110  7:46  Stalker x2  
  110  7:48  Stalker x3  
  110  7:49  Photon Cannon  
  120  7:53  Probe x2  
  120  7:57  Probe  
  123  8:00  Stalker x3  
  123  8:05  Probe, Photon Cannon  
  130  8:10  Probe  
  131  8:13  Probe  
  132  8:21  Probe  
  132  8:23  Probe  
  124  8:28  Probe  
  124  8:29  Assimilator  
  124  8:31  Assimilator  
  124  8:32  Disruptor (Chrono Boost)  
  124  8:33  Probe  
  126  8:35  Probe  
  126  8:38  Protoss Ground Weapons Level 2 (Chrono Boost)  
  126  8:40  Probe  
  126  8:41  Zealot  
  133  8:45  Probe, Pylon  
  133  8:46  Pylon x2  
  133  8:48  Dark Shrine  
  132  8:50  Pylon  
  132  8:55  Photon Cannon  
  132  8:56  Pylon  
  132  9:00  Robotics Facility  
  132  9:02  Disruptor (Chrono Boost)  
  133  9:10  Pylon  
  133  9:14  Probe x3, Photon Cannon  
  133  9:16  Shield Battery  
  133  9:25  Stalker x4  
  136  9:42  Zealot x3  
  142  9:51  Disruptor (Chrono Boost)  
  134  9:55  Robotics Facility, Stargate  
  134  9:59  Photon Cannon  
  134  10:03  Stalker x2  
  138  10:07  Zealot, Photon Cannon  
  138  10:09  Shield Battery  
  140  10:19  Observer (Chrono Boost)  
  139  10:33  Stalker x2, Photon Cannon  
  139  10:35  Stalker x2, Pylon  
  147  10:38  Protoss Air Weapons Level 1  
  147  10:40  Stargate  
  147  10:42  Stargate, Fleet Beacon  
  147  10:44  Observer, Disruptor  
  151  10:57  Nexus  
  151  11:03  Pylon  
  146  11:20  Carrier (Chrono Boost)  
  145  11:28  Zealot x4  
  145  11:30  Carrier x2 (Chrono Boost)  
  171  11:34  Shield Battery  
  169  12:08  Observer  
  170  12:12  Carrier (Chrono Boost)  
  176  12:17  Carrier (Chrono Boost)  
  186  12:33  Nexus  
  186  12:35  Pylon x2, Carrier (Chrono Boost)  
  186  12:39  Probe x2  
  186  12:42  Pylon  
  186  12:44  Pylon  
  188  12:45  Gateway  
  188  12:50  Observer  
  189  12:53  Protoss Air Weapons Level 2 (Chrono Boost)  
  189  12:55  Shield Battery, Photon Cannon  
  189  12:56  Zealot  
  189  13:06  Stalker x4  
  197  13:21  Carrier x2 (Chrono Boost)  
  197  13:24  Zealot x2  
  198  13:29  Pylon  
  198  13:30  Pylon  
  192  13:44  Carrier (Chrono Boost)  
  194  14:01  Stalker x3  
  200  14:21  Nexus  
  200  14:24  Pylon  
  196  14:47  Stalker x2  
  200  14:55  Pylon  
  200  14:57  Observer  
  181  15:24  Zealot x2  
  181  15:25  Zealot x5  
Tags
 
Add a new tag
Caveats
  • Supply blocks, unpowered buildings, or Contaminate may cause inaccurate times.
  • Supply counts are checked every 10 seconds.